 Dungeon Crawl Stone Soup version 0.21-a0-634-gaf8bc5d (webtiles) character file.

1937 wvc the Cruncher (level 8, -6/62 HPs)
             Began as a Mummy Wanderer on Dec 29, 2017.
             Was a Priest of Okawaru.
             Mangled by Prince Ribbit (13 damage)
             ... on level 6 of the Dungeon.
             The game lasted 00:10:47 (7135 turns).

wvc the Cruncher (Mummy Wanderer)                   Turns: 7135, Time: 00:10:48

Health: -6/62      AC:  7    Str: 19    XL:     8   Next: 97%
Magic:  0/8        EV: 10    Int: 13    God:    Okawaru [***...]
Gold:   286        SH:  0    Dex: 11    Spells: 7/7 levels left

rFire    . . .     SeeInvis .   b - +1 quarterstaff
rCold    + . .     Gourm    .   (shield currently unavailable)
rNeg     + + +     Faith    .   u - +0 ring mail {rC+}
rPois    ∞         Spirit   +   d - +0 helmet
rElec    .         Reflect  .   o - scarf {Spirit}
rCorr    .         Harm     .   t - +0 pair of gloves {Str+3}
MR       ++...                  (no boots)
Stlth    +.........             (no amulet)
HPRegen  0.20/turn              j - ring of protection from magic
MPRegen  0.11/turn              r - ring of fire

@: no status effects
A: no food or potions, fire vulnerability, cold resistance 1, negative energy
resistance 3, torment resistance, unbreathing
a: Heroism, Renounce Religion


You were on level 6 of the Dungeon.
You worshipped Okawaru.
Okawaru was most pleased with you.
You were not hungry.

You visited 1 branch of the dungeon, and saw 6 of its levels.

You collected 286 gold pieces.

Inventory:

Hand Weapons
 b - a +1 quarterstaff (weapon)
 e - a +0 dagger
Missiles
 f - 13 javelins
 n - a silver javelin (quivered)
 p - 16 poisoned needles
Armour
 d - a +0 helmet (worn)
 o - a scarf of spirit shield (worn)
 t - a +0 pair of gloves of strength (worn)
 u - a +0 ring mail of cold resistance (worn)
Jewellery
 j - a ring of protection from magic (left hand)
 m - an uncursed ring of flight
 r - a ring of fire (right hand)
 s - an uncursed ring of ice
Wands
 a - a wand of enslavement (13)
 g - a wand of flame (56)
 v - a wand of iceblast (14)
Scrolls
 c - 3 scrolls of teleportation
 h - 4 scrolls of identify
 i - a scroll of enchant weapon
 k - 2 scrolls of magic mapping
 l - 2 scrolls of remove curse


   Skills:
 - Level 5.0 Fighting
 + Level 9.8 Staves
 - Level 1.0 Armour
 - Level 1.5 Stealth
 - Level 1.0 Evocations


You had 7 spell levels left.
You didn't know any spells.

Dungeon Overview and Level Annotations

Branches:
Dungeon (6/15)             Temple (0/1) D:6

Altars:
Makhleb
Okawaru
Qazlal
Xom
Yredelemnul
Zin

Annotations:
D:5 Dowan, Duvessa
D:6 Prince Ribbit


Innate Abilities, Weirdness & Mutations

You do not eat or drink.
Your flesh is vulnerable to fire.
You are immune to poison.
Your flesh is cold resistant. (rC+)
You are immune to negative energy. (rN+++)
You are immune to unholy pain and torment.
You can survive without breathing.


Message History

Prince Ribbit hits you!
You completely miss Prince Ribbit.
Prince Ribbit is lightly wounded.
Prince Ribbit hits you!
You hit Prince Ribbit but do no damage.
Prince Ribbit is lightly wounded.
Prince Ribbit hits you but does no damage.
Prince Ribbit hits you!
You are too injured to fight recklessly!
You are too injured to fight recklessly!
You are too injured to fight recklessly!
You are too injured to fight recklessly!
You barely miss Prince Ribbit.
Prince Ribbit is lightly wounded.
Prince Ribbit hits you!
* * * LOW HITPOINT WARNING * * *
You hit Prince Ribbit.
Prince Ribbit is lightly wounded.
Prince Ribbit hits you!
You die...

###. ##.###....# #.# ...
#####...##..### #..
#.###...........### ## ..
#.....###........# #. #.##
#...### #....#... #.. #..###..##
#...## ## #.##..#.# ##...# ###
### #....###.###F...### ##..
#.###..### #..@.###..####..
##.##.## ##.### ##...##.# #....#
##..## ##..#..# #!..##
##....######.[#..## ## ##..#
##.......##........#+#.
##..####...#.............#.....
##.#..##...#........##.......##.
#.##......##........<#.....####.
#.#....#....................##..


You could see Prince Ribbit.

Vanquished Creatures
  The ghost of wvc the Ducker, an amateur GnWn (D:4)
  A hungry ghost (D:6)
  A sky beast (D:6)
  An ice beast (D:6)
  An orc warrior (D:6)
  2 ogres
  A centaur (D:6)
  A bullfrog (D:6)
  A scorpion (D:4)
  4 crimson imps
  3 bullfrog skeletons
  A jelly (D:6)
  3 orc priests
  2 hounds
  3 iguanas
  6 orc wizards
  3 worker ants
  4 gnolls (D:6)
  5 adders
  An ooze (D:1)
  An adder skeleton (D:5)
  A worm (D:2)
  A dart slug (D:1)
  3 leopard geckos
  18 orcs
  2 giant cockroaches
  7 goblins
  8 hobgoblins
  8 jackals
  2 kobolds
  4 quokkas
  A ball python (D:1)
  6 bats
  3 frilled lizards
  A jackal skeleton (D:4)
  2 leopard gecko zombies
  9 rats
  A spectral orc (D:3)
123 creatures vanquished.

Vanquished Creatures (collateral kills)
  A howler monkey (D:6)
  A crimson imp (D:6)
  2 shadow imps (D:6)
  A leopard gecko (D:6)
5 creatures vanquished.

Grand Total: 128 creatures vanquished

Notes
Turn   | Place    | Note
-------+----------+-------------------------------------------
     0 | D:1      | wvc the Mummy Wanderer began the quest for the Orb.
     0 | D:1      | wvc set off with: a wand of enslavement (15), a +0 quarterstaff, a scroll of teleportation, a +0 robe, a +0 dagger
     0 | D:1      | Reached XP level 1. HP: 21/21 MP: 1/1
   525 | D:1      | Reached XP level 2. HP: 26/27 MP: 2/2
   573 | D:1      | You fall through a shaft!
   587 | D:2      | Reached skill level 2 in Staves
  1070 | D:2      | Found a shimmering altar of Xom.
  1271 | D:2      | Reached XP level 3. HP: 32/33 MP: 3/3
  2056 | D:3      | Reached skill level 3 in Staves
  2077 | D:3      | Reached XP level 4. HP: 36/39 MP: 4/4
  2095 | D:3      | Found a burning altar of Makhleb.
  2097 | D:3      | Found a glowing silver altar of Zin.
  2098 | D:3      | Noticed a green death
  2098 | D:3      | Noticed an angel
  2151 | D:3      | Noticed a water elemental
  2158 | D:3      | Found a stormy altar of Qazlal.
  2160 | D:3      | Noticed a fire elemental
  2293 | D:3      | Found a basalt altar of Yredelemnul.
  2364 | D:3      | Noticed an earth elemental
  2364 | D:3      | Noticed an air elemental
  2520 | D:4      | Found an iron altar of Okawaru.
  2569 | D:4      | Became a worshipper of Warmaster Okawaru
  2890 | D:4      | Reached skill level 4 in Staves
  2890 | D:4      | Reached XP level 5. HP: 24/44 MP: 5/5
  3134 | D:4      | Reached skill level 5 in Staves
  3135 | D:4      | Reached * piety under Okawaru
  3135 | D:4      | Reached XP level 6. HP: 30/51 MP: 6/6
  3446 | D:4      | Noticed wvc's ghost (amateur GnWn)
  3483 | D:4      | Killed wvc's ghost
  3483 | D:4      | Reached skill level 6 in Staves
  3985 | D:5      | Entered Level 5 of the Dungeon
  4036 | D:5      | Reached ** piety under Okawaru
  4036 | D:5      | Reached XP level 7. HP: 52/56 MP: 7/7
  4204 | D:5      | Noticed Duvessa
  4205 | D:5      | Noticed Dowan
  4811 | D:5      | Reached skill level 7 in Staves
  4931 | D:6      | Noticed a hungry ghost
  4950 | D:6      | Killed a hungry ghost
  5141 | D:6      | Reached XP level 8. HP: 48/62 MP: 6/8
  5308 | D:6      | Reached skill level 8 in Staves
  6014 | D:6      | Reached skill level 9 in Staves
  6027 | D:6      | Reached *** piety under Okawaru
  6028 | D:6      | Noticed Prince Ribbit
  6719 | D:6      | Found a staircase to the Ecumenical Temple.
  7135 | D:6      | Mangled by Prince Ribbit

Vault maps used:
D:1:      zaba_arrival_water, due_unseen_surprise
D:2:      xom_teletrap_fun
D:3:      yredelemnul_forgotten_temple_becter, nicolae_qazlal_style_of_elements,
          grunt_temple_overflow_order_and_chaos_2
D:4:      okawaru_metal_pillars_3, first_ration, palyth_stone_intersect,
          hangedman_decor_points
D:5:      uniq_duvessa
D:6:      minmay_temple_entry_trees, minmay_joined_circles, uniq_prince_ribbit1

Skill      XL: |  1  2  3  4  5  6  7  8 |
---------------+-------------------------+-----
Staves         | 2 3 4 5 6 7 9 |  9.8
Fighting       | |  5.0
Armour         | |  1.0
Stealth        | |  1.5
Evocations     | |  1.0

Action                   |  1- 3 |  4- 6 |  7- 9 || total
-------------------------+-------+-------+-------++-------
Melee: Quarterstaff      |   128 |   143 |   251 ||   522
Throw: Javelin           |       |     5 |     2 ||     7
Invok: Heroism           |       |       |     2 ||     2
Evoke: Wand              |       |       |    15 ||    15
  Use: Scroll            |       |       |     9 ||     9
 Stab: Paralysed         |       |       |    10 ||    10
Armor: Ring mail         |    54 |    61 |    81 ||   196
Dodge: Dodged            |    71 |    74 |   102 ||   247

Table legend:
 A = Spawn XP
 B = Non-spawn XP
 C = Spawn XP percentage of total XP
 D = Spawn monster count
 E = Non-spawn monster count
 F = Spawn count percentage of total count
 G = Total turns spent on level
                    A         B        C        D         E        F      G
               +---------+---------+-------+---------+---------+-------+---------
         Total |       0 |    2768 |   0.0 |       0 |     128 |   0.0 |  7135
               +---------+---------+-------+---------+---------+-------+---------
           D:1 |       0 |      25 |   0.0 |       0 |      12 |   0.0 |   998
           D:2 |       0 |      37 |   0.0 |       0 |      14 |   0.0 |  1011
           D:3 |       0 |      73 |   0.0 |       0 |      31 |   0.0 |   444
           D:4 |       0 |     543 |   0.0 |       0 |      14 |   0.0 |  1532
           D:5 |       0 |     401 |   0.0 |       0 |      16 |   0.0 |  1006
           D:6 |       0 |    1689 |   0.0 |       0 |      41 |   0.0 |  2144
               +---------+---------+-------+---------+---------+-------+---------
